 Dungeon Crawl Stone Soup version 0.21-a0-434-g806c6c2 (webtiles) character file.

10 slep the Magician (level 2, -2/21 HPs)
             Began as a Barachi Wanderer on Nov 9, 2017.
             Slain by a gnoll (6 damage)
             ... on level 1 of the Dungeon.
             The game lasted 00:01:10 (173 turns).

slep the Magician (Barachi Wanderer)                 Turns: 173, Time: 00:01:11

Health: -2/21      AC:  5    Str: 16    XL:     2   Next: 20%
Magic:  5/5        EV: 10    Int: 11    God:
Gold:   14         SH:  0    Dex:  9    Spells: 6/6 levels left

rFire    . . .     SeeInvis .   d - +0 club
rCold    . . .     Gourm    .   (no shield)
rNeg     . . .     Faith    .   c - +0 ring mail
rPois    +         Spirit   .   (no helmet)
rElec    .         Reflect  .   (no cloak)
rCorr    .         Harm     .   (no gloves)
MR       .....                  (no boots)
Stlth    +.........             (no amulet)
HPRegen  0.07/turn              e - ring of poison resistance
MPRegen  0.09/turn              (no ring)

@: slow
A: +LOS, swims, slowness 1, strong legs 1
a: Hop


You were on level 1 of the Dungeon.
You were not hungry.

You visited 1 branch of the dungeon, and saw 1 of its levels.

You collected 14 gold pieces.

Inventory:

Hand Weapons
 d - a +0 club (weapon)
Armour
 c - a +0 ring mail (worn)
Jewellery
 e - a ring of poison resistance (left hand)
Books
 a - a Young Poisoner's Handbook

   Spells                             Type                      Level
   a - Sting                          Conjuration/Poison           1
   b - Poisonous Vapours              Poison/Air                   2
   c - Mephitic Cloud                 Conjuration/Poison/Air       3
   d - Olgreb's Toxic Radiance        Poison                       4
   e - Venom Bolt                     Conjuration/Poison           5
 b - the Almanac of the Arsonist

   Spells                             Type                      Level
   a - Flame Tongue                   Conjuration/Fire             1
   b - Conjure Flame                  Conjuration/Fire             3
Comestibles
 f - a bread ration


   Skills:
 + Level 1.2 Fighting
 + Level 0.8 Maces & Flails
 + Level 2.5 Armour
 + Level 1.0 Stealth
 + Level 2.7 Spellcasting
   Level 1.1 Transmutations
   Level 2.1 Poison Magic
   Level 1.1 Evocations


You had 6 spell levels left.
You didn't know any spells.

Dungeon Overview and Level Annotations

Branches:
Dungeon (1/15)

Altars:


Innate Abilities, Weirdness & Mutations

Shadows flee at your approach. (+LOS)
You can swim through water.
You cover ground slowly.
You can hop short distances.


Message History

You kill the hobgoblin!
The gnoll hits you but does no damage.
You barely miss the gnoll. The gnoll hits you.
You barely miss the gnoll. The gnoll barely misses you.
The gnoll closely misses you.
You closely miss the gnoll. The gnoll barely misses you.
You hit the gnoll.
The gnoll is lightly wounded.
The gnoll hits you.
You hit the gnoll.
The gnoll is moderately wounded.
The gnoll hits you.
* * * LOW HITPOINT WARNING * * *
You barely miss the gnoll.
The gnoll is moderately wounded.
The gnoll barely misses you. x2
You closely miss the gnoll.
The gnoll is moderately wounded.
The gnoll hits you.
You die...

#.#####.#
.##############(#####.####
......................†..(
#######.######.#####.####
#.# #.# #.# #.# #.# #.#
#.# #.# #.# #.######.# #.#
## #.@g.....#####.###.
#.......†..#.###........
...........## ..##.....
####.##.##.[# #####. #.
#.# .#.# #. # #.# .#.# #.
#.. # # #. ### #. #.


You could see a gnoll.

Vanquished Creatures
  A giant cockroach (D:1)
  2 goblins (D:1)
  A hobgoblin (D:1)
  2 frilled lizards (D:1)
  3 kobolds (D:1)
  A rat (D:1)
10 creatures vanquished.

Notes
Turn   | Place    | Note
-------+----------+-------------------------------------------
     0 | D:1      | slep the Barachi Wanderer began the quest for the Orb.
     0 | D:1      | slep set off with: a Young Poisoner's Handbook, the Almanac of the Arsonist, a +0 ring mail, a +0 club, a bread ration
     0 | D:1      | Reached XP level 1. HP: 15/15 MP: 3/3
   125 | D:1      | Reached XP level 2. HP: 13/21 MP: 5/5
   173 | D:1      | Slain by a gnoll

Vault maps used:
D:1:      grunt_arrival_crossed_arrows

Action                   || total
-------------------------++-------
Melee: Club              ||    68
Armor: Ring mail         ||    43
Dodge: Dodged            ||    37

Table legend:
 A = Spawn XP
 B = Non-spawn XP
 C = Spawn XP percentage of total XP
 D = Spawn monster count
 E = Non-spawn monster count
 F = Spawn count percentage of total count
 G = Total turns spent on level
                    A         B        C        D         E        F      G
               +---------+---------+-------+---------+---------+-------+---------
         Total |       0 |      15 |   0.0 |       0 |      10 |   0.0 |   173
               +---------+---------+-------+---------+---------+-------+---------
           D:1 |       0 |      15 |   0.0 |       0 |      10 |   0.0 |   173
               +---------+---------+-------+---------+---------+-------+---------
